cohdb
Replays
Latest Replays
All Replays
Popular Replays
Top Player Replays
Match Explorer
How It Works
Community
CoH3 Stats
Reddit
Sign in to upload your games and track your stats! →
Sign in with Steam
Match 46823777
Unlisted
Match 46823777
Overview
Messages
Build Orders
End
Panzergrenadier Squad
250 Light Carrier
Panzergrenadier Squad
Construct Light Support Kompanie
Selects Panzerjäger Kommand Battlegroup
Selects GrB 39 Grenade Launcher Requisition
Panzergrenadier Squad
Panzerpioneer Squad
Fire Support Elements
Vehicle Survival Package
Combat Half-tracks
Veteran Squad Leaders
Construct Panzerarmee Kommand
Walking Stuka Rocket Launcher
Flak 36 Anti-tank Gun Team
Selects Crew Shock Tactics
Crew Shock Tactics
Flak 36 Anti-tank Gun Team
Walking Stuka Rocket Launcher
Selects Anti-tank Overwatch
MG34 Team
Armored Reserves
Selects Blockade Equipment
Selects Early Warning
Selects Butterfly Bomb Drop
Tiger Heavy Tank
WilllTHENOOBz
Меткић'94
旧时光
FLOKL
秃鹫k
Sabersama
【POW】游骑
THE one-冰封夕阳
0
0
Comments
sign in to comment!
No comments posted yet!